 Dungeon Crawl Stone Soup version 0.29.1-13-g9f3cf754e1 (webtiles) character file.

Game seed: 4736942824775655496

88 devnull the Grave Robber (level 4, -7/30 HPs)
             Began as a Demonspawn Necromancer on Jan 22, 2023.
             Killed by nerve-wracking pain
             ... invoked by a shadow imp
             ... summoned by Natasha
              (13 damage)
             ... on level 2 of the Dungeon.
             The game lasted 00:08:51 (2145 turns).

devnull the Grave Robber (Demonspawn Necromancer)   Turns: 2145, Time: 00:08:53

Health: -7/30      AC:  5    Str:  8    XL:     4   Next: 30%
Magic:  5/7        EV: 10    Int: 18    God:
Gold:   57         SH:  0    Dex: 14    Spells: 3/7 levels left

rFire   . . .      SeeInvis .   a - +0 spear (vorpal)
rCold   . . .      Faith    .   (no shield)
rNeg    . . .      Spirit   .   r - +0 ring mail
rPois   .          Reflect  .   (helmet restricted)
rElec   .          Harm     .   (no cloak)
rCorr   .          Rampage  .   (no gloves)
Will    .....                   (no boots)
Stlth   +.........              (no amulet)
HPRegen 0.10/turn               f - +4 ring of slaying
MPRegen 0.10/turn               (no ring)

@: no status effects
A: horns 1, demonic magic 1
a: no special abilities


You were on level 2 of the Dungeon.
You visited 1 branch of the dungeon, and saw 2 of its levels.

You collected 57 gold pieces.

Inventory:

Hand Weapons
 a - a +0 vorpal spear (weapon)
 b - a +0 sling
 s - a +0 dagger
Missiles
 c - 12 stones (quivered)
Armour
 m - a +0 robe
 q - a +0 scale mail
 r - a +0 ring mail (worn)
Jewellery
 f - a +4 ring of slaying (left hand)
Scrolls
 d - a scroll of immolation {unknown}
 e - a scroll of enchant weapon {unknown}
 g - a scroll of amnesia {unknown}
 h - a scroll of blinking {unknown}
 i - a scroll of magic mapping
 l - 2 scrolls of identify {unknown}
 p - a scroll of teleportation {unknown}
 t - a scroll of fear {unknown}
Potions
 j - a potion of curing {unknown}
 k - a potion of heal wounds {unknown}
 n - a potion of magic
 o - a potion of flight {unknown}


   Skills:
 - Level 1.7 Dodging
 - Level 1.7 Stealth
 - Level 2.0 Spellcasting
 + Level 6.4 Necromancy


You had 3 spell levels left.
You knew the following spells:

 Your Spells              Type           Power      Damage    Failure   Level
a - Necrotise             Necr           100%       1d9       4%          1
b - Vampiric Draining     Necr           25%        2d7       12%         3

Your spell library contained the following spells:

 Spells                   Type           Power      Damage    Failure   Level
 Animate Dead             Necr           25%        N/A       36%         4
 Agony                    Necr           25%        N/A       73%         5


Dungeon Overview and Level Annotations

Branches:
Dungeon (2/15)

Altars:

Shops:
D:2 =

Annotations:
D:2 Natasha


Innate Abilities, Weirdness & Mutations

You have a pair of small horns on your head.
Spells you cast may paralyse adjacent enemies.


Message History

The shadow imp hits you.
Casting: Necrotise (safe; 4% risk of failure)
Confirm with . or Enter, or press ? or * to list all spells.
Aiming: Necrotise (safe; 4% risk of failure)
Press: ? - help, Shift-Dir - straight line, f/p - Natasha
Aim: Natasha (severely wounded, chance to affect: 83%)
Okay, then.
Unknown command.
Reach: a) +0 spear (vorpal)
Press: ? - help, Dir - move target, f/p - Natasha
Aim: Natasha (severely wounded, about 47% to evade your +0 vorpal spear)
The shadow imp is in the way.
You hit the shadow imp.
The shadow imp is severely wounded.
The shadow imp barely misses you. Natasha claws you.
Reach: a) +0 spear (vorpal)
Press: ? - help, Dir - move target, f/p - Natasha
Aim: Natasha (severely wounded, about 47% to evade your +0 vorpal spear)
The shadow imp is in the way.
You hit the shadow imp.
The shadow imp is almost dead.
The shadow imp gestures at you. Pain shoots through your body!
* * * LOW HITPOINT WARNING * * *
Okay, then.
Okay, then.
Unknown command.
Okay, then.
Reach: a) +0 spear (vorpal)
Press: ? - help, Dir - move target, f/p - Natasha
Aim: Natasha (severely wounded, about 47% to evade your +0 vorpal spear)
Okay, then.
Unknown command.
f - a +4 ring of slaying (left hand) Reach: a) +0 spear (vorpal)
Press: ? - help, Dir - move target, f/p - Natasha
Aim: Natasha (severely wounded, about 41% to evade your +0 vorpal spear)
You reach to attack!
You closely miss Natasha.
Natasha is severely wounded.
The shadow imp gestures at you. Pain shoots through your body!
You die...

***** #.##..#.. *****######.,,*
#.##..#.. *,,,,.......,,*
#.##..#.. ##**,,,,.)......,*
##.##..#.. ,..,,,,,........,*
#...#..### *,.#,,,,........,*
#...#..... ....,.,,,......#**
####...##.### #.##.#*#.#**#..####
#...........#
#.##.###.####.h5@.###...........#
......)........##..##...........#
#.#.##.###.##.......#...........#
#.............####..#...........#
#.#.#.##.#.##..<##..#...........#
..#........##.####..............#
#...)..#.#.).......#............#
#.#......#.##.....##..###########
.......#...##.....###.###


You could see Natasha and a shadow imp (summoned).

Vanquished Creatures
  Natasha (twice) (D:2)
  An adder (D:2)
  2 bats (D:2)
  2 endoplasms (D:1)
  A giant cockroach (D:2)
  3 goblins
  A hobgoblin (D:2)
  5 quokkas
  5 ball pythons
  A frilled lizard (D:2)
  2 kobolds
  2 rats (D:2)
27 creatures vanquished.

Vanquished Creatures (collateral kills)
  A hobgoblin (D:2)
  A ball python (D:2)
2 creatures vanquished.

Grand Total: 29 creatures vanquished

Notes
Turn   | Place    | Note
-------+----------+-------------------------------------------
     0 | D:1      | devnull the Demonspawn Necromancer began the quest for the
                  | Orb.
     0 | D:1      | Reached XP level 1. HP: 13/13 MP: 3/3
   201 | D:1      | Found a faded altar of an unknown god.
   408 | D:1      | Gained mutation: You have a pair of small horns on your
                  | head. [demonic ancestry]
   408 | D:1      | Reached XP level 2. HP: 19/19 MP: 1/5
   578 | D:1      | Reached skill level 5 in Necromancy
   974 | D:2      | Gained mutation: Spells you cast may paralyse adjacent
                  | enemies. [demonic ancestry]
   974 | D:2      | Reached XP level 3. HP: 8/24 MP: 0/6
  1355 | D:2      | Learned a level 3 spell: Vampiric Draining
  1404 | D:2      | Noticed Natasha
  1409 | D:2      | HP: 1/24 [Natasha (4)]
  1410 | D:2      | Killed Natasha
  1411 | D:2      | Reached skill level 6 in Necromancy
  1744 | D:2      | Found Duur's Jewellery Emporium.
  1958 | D:2      | Noticed Natasha
  1968 | D:2      | Killed Natasha
  1969 | D:2      | Reached XP level 4. HP: 13/30 MP: 4/7
  2136 | D:2      | Noticed Natasha
  2145 | D:2      | Killed from afar by a shadow imp

Illustrated notes

Levels and vault maps discovered:
D:1:      onia_arrival_pyramid, layout_loops_ring,
          shapermc_ecumenical_altar_totnotflames
D:2:      layout_basic, serial_shops, shop, minmay_diced_spiral, uniq_natasha

Skill      XL: |  1  2  3 |
---------------+----------+-----
Necromancy     | 5 6 |  6.4
Dodging        | |  1.7
Stealth        | |  1.7
Spellcasting   | |  2.0

Action                   |  1- 3 |  4- 6 || total
-------------------------+-------+-------++-------
Melee: Short sword       |     9 |       ||     9
       Spear             |     9 |     5 ||    14
       Headbutt          |     2 |       ||     2
 Fire: Sling             |    31 |       ||    31
Throw: Stone             |     6 |       ||     6
 Cast: Necrotise         |    36 |     2 ||    38
  Use: Scroll            |     1 |       ||     1
 Stab: Distracted        |     1 |       ||     1
Armor: Robe              |     8 |       ||     8
       Ring mail         |     1 |       ||     1
Dodge: Dodged            |    34 |     1 ||    35
